AoeStats
← ElpeluquerodeCapoch

Arena

510334317Analyzed
4v4 RM · 23h ago on Sep 30, 2026· 43m 42s· 8 players
Game mode
Random Map
Map size
Large (8 player)
Population
200
Speed
Normal
Resources
Standard
Victory
Conquest
Starting age
Dark Age
Ending age
Imperial Age
RankedLock teamsTeams togetherTeam positionsShared explorationLock speedFull tech treeHidden civsTurbo modeCheats
Victory
Defeat
🇸🇪 Britons · Sweden
1630
+10
🇵🇪 Bengalis · Peru
1621
+10
1611
+11
🇨🇳 Franks · China
1567
+13
🇦🇷 Teutons · Argentina
1644
-16
🇦🇷 Britons · Argentina
1459
-10
🇦🇷 Burgundians · Argentina
1443
-9
🇦🇷 Varangians · Argentina
1426
-9
QNA | Apachai Hopachai
4:41 Loom
8:08 Feudal Age
11:35 Fletching
26:35 Castle Age
36:51 Horse Collar
38:38 Double-Bit Axe
43:01 Redemption
xGusZx24
11:05 Feudal Age
14:58 Castle Age
13:11 Double-Bit Axe
14:18 Horse Collar
14:54 Gold Mining
16:16 Loom
17:06 Wheelbarrow
17:17 Bow Saw
19:53 Heavy Plow
21:04 Town Watch
22:11 Fletching
23:25 Hand Cart
23:27 Bodkin Arrow
23:42 Loom
24:39 Ballistics
24:20 Padded Archer Armor
30:17 Imperial Age
29:14 Leather Archer Armor
30:21 Elite Longbowman
31:22 Bracer
32:21 Ring Archer Armor
33:35 Chemistry
33:34 Conscription
35:39 Yeomen
35:40 Stone Mining
36:14 Siege Engineers
37:53 Warwolf
40:04 Hoardings
41:07 Arrowslits
41:17 Murder Holes
41:33 Masonry
41:04 Treadmill Crane
EXILE | TurtleS3
9:36 Feudal Age
14:52 Castle Age
13:18 Double-Bit Axe
14:28 Horse Collar
21:42 Wheelbarrow
22:41 Bow Saw
23:40 Heavy Plow
23:31 Gold Mining
24:31 Hand Cart
25:15 Stone Mining
26:50 Gold Shaft Mining
29:43 Imperial Age
28:08 Scale Barding Armor
28:34 Forging
28:36 Bloodlines
28:26 Husbandry
28:43 Light Cavalry
29:12 Loom
29:13 Town Watch
30:44 Chain Barding Armor
30:59 Iron Casting
29:51 Siege Elephant
30:47 Elite Battle Elephant
32:29 Conscription
33:22 Plate Barding Armor
34:40 Paiks
36:03 Blast Furnace
35:34 Mahayana
36:36 Fletching
39:25 Two-Man Saw
39:47 Guilds
40:06 Bodkin Arrow
40:43 Crop Rotation
40:35 Ballistics
41:07 Bracer
41:10 Elite Ratha (Ranged)
42:42 Padded Archer Armor
43:56 Chemistry
44:20 Leather Archer Armor
Long-Long-Way
10:41 Feudal Age
14:25 Castle Age
12:19 Double-Bit Axe
15:52 Bow Saw
21:26 Loom
23:05 Wheelbarrow
22:16 Town Watch
28:17 Imperial Age
26:43 Hand Cart
27:01 Scale Barding Armor
28:14 Forging
28:25 Chain Barding Armor
28:06 Gold Mining
28:50 Husbandry
28:22 Cavalier
30:33 Plate Barding Armor
30:19 Conscription
30:20 Paladin
31:37 Iron Casting
34:05 Blast Furnace
33:50 Gold Shaft Mining
33:05 Stone Mining
34:54 Coinage
37:22 Pikeman
38:02 Squires
38:05 Scale Mail Armor
39:17 Chain Mail Armor
38:49 Gambesons
41:51 Banking
43:04 Caravan
ElpeluquerodeCapoch
10:45 Feudal Age
15:01 Castle Age
13:05 Double-Bit Axe
13:04 Horse Collar
16:50 Light Cavalry
18:37 Scale Barding Armor
19:55 Wheelbarrow
19:38 Bow Saw
20:47 Wheelbarrow
20:15 Husbandry
20:45 Forging
22:53 Hand Cart
22:41 Heavy Plow
23:35 Loom
23:36 Town Watch
24:07 Gold Mining
25:00 Chain Barding Armor
25:16 Iron Casting
26:40 Cavalier
30:51 Imperial Age
29:39 Gold Shaft Mining
30:44 Fortified Wall
31:14 Masonry
33:03 Town Patrol
33:55 Plate Barding Armor
34:32 Blast Furnace
35:05 Stone Mining
35:55 Crop Rotation
36:27 Two-Man Saw
35:48 Paladin
39:47 Scale Mail Armor
39:09 Pikeman
39:50 Squires
39:36 Arson
40:37 Conscription
40:57 Chain Mail Armor
40:31 Halberdier
42:41 Plate Mail Armor
44:16 Burgundian Vineyards
pastorcito
9:41 Feudal Age
13:38 Castle Age
11:34 Horse Collar
13:43 Double-Bit Axe
15:46 Bow Saw
19:07 Gold Mining
20:23 Wheelbarrow
22:26 Stone Mining
24:03 Hand Cart
24:31 Heavy Plow
24:23 Fletching
24:56 Loom
25:58 Bodkin Arrow
26:05 Padded Archer Armor
29:07 Imperial Age
27:48 Ballistics
27:37 Elite Skirmisher
29:49 Bracer
31:41 Chemistry
32:38 Two-Man Saw
33:11 Yeomen
33:26 Leather Archer Armor
36:48 Conscription
37:12 Masonry
gabi98bac
5:50 Loom
8:22 Feudal Age
9:43 Double-Bit Axe
10:04 Fletching
16:24 Horse Collar
21:11 Wheelbarrow
25:09 Castle Age
29:50 Imperial Age
28:31 Bow Saw
29:10 Bodkin Arrow
31:39 Chemistry
30:50 Masonry
32:53 Scale Mail Armor
33:03 Forging
33:05 Pikeman
33:57 Squires
34:39 Iron Casting
34:04 Scale Mail Armor
34:02 Halberdier
37:01 Blast Furnace
36:50 Chain Mail Armor
41:30 Plate Mail Armor
Enlassombras
9:47 Feudal Age
13:43 Castle Age
12:17 Double-Bit Axe
15:46 Bow Saw
15:20 Horse Collar
18:17 Loom
19:29 Wheelbarrow
20:11 Heavy Plow
21:58 Hand Cart
22:49 Town Watch
24:00 Gold Mining
24:02 Stone Mining
26:48 Husbandry
27:01 Bloodlines
30:12 Imperial Age
27:56 Scale Barding Armor
28:01 Forging
30:15 Iron Casting
30:08 Chain Barding Armor
30:22 Cavalier
31:02 Vendel Legacy
33:17 Blast Furnace
33:00 Conscription
34:46 Fletching
35:38 Plate Barding Armor
35:10 Fletching
37:47 Masonry
37:43 Siege Engineers
Connection lost

Rejoining the realm…

Still unreachable

The connection could not be restored.

Session expired

The server has moved on; the page needs a fresh start.